 Dungeon Crawl Stone Soup version 0.25.0-11-g1f837a76a1 (console) character file.

Game seed: 12362774822645404529

95 bli the Ruffian (level 4, -4/36 HPs)
             Began as a Draconian Transmuter on June 27, 2020.
             Slain by a gnoll
             ... wielding a +0 flail
              (10 damage)
             ... on level 2 of the Dungeon.
             The game lasted 00:05:51 (2183 turns).

bli the Ruffian (Draconian Transmuter)              Turns: 2183, Time: 00:05:51

Health: -4/36      AC:  5    Str: 13    XL:     4   Next: 39%
Magic:  7/7        EV: 12    Int: 13    God:
Gold:   74         SH:  0    Dex: 12    Spells: 4/7 levels left

rFire    . . .     SeeInvis .     - Unarmed
rCold    . . .     Gourm    .   (no shield)
rNeg     . . .     Faith    .   (armour unavailable)
rPois    .         Spirit   .   (helmet restricted)
rElec    .         Reflect  .   (no cloak)
rCorr    +         Harm     .   (no gloves)
MR       .....                  (no boots)
Stlth    +.........             (no amulet)
HPRegen  0.12/turn              o - ring of resist corrosion
MPRegen  0.10/turn              (no ring)

@: no status effects
A: unfitting armour, cold-blooded, AC +5
a: no special abilities


You were on level 2 of the Dungeon.
You were not hungry.

You visited 1 branch of the dungeon, and saw 3 of its levels.

You collected 74 gold pieces.

Inventory:

Hand Weapons
 q - a +1 vorpal flail
Missiles
 a - 25 arrows
 g - 40 stones (quivered)
Jewellery
 o - a ring of resist corrosion (left hand)
Scrolls
 e - a scroll of magic mapping {unknown}
 f - a scroll of amnesia {unknown}
 i - 2 scrolls of enchant armour {unknown}
 k - a scroll of immolation {unknown}
 l - 4 scrolls of teleportation {unknown}
 m - 2 scrolls of enchant weapon {unknown}
 r - a scroll of noise {unknown}
 s - 2 scrolls of fog {unknown}
 t - a scroll of remove curse {unknown}
Potions
 b - a potion of flight {unknown}
 d - a potion of haste {unknown}
 h - 4 potions of heal wounds {unknown}
 j - a potion of brilliance {unknown}
 n - a potion of berserk rage {unknown}
Comestibles
 c - 4 rations


   Skills:
 + Level 2.0 Fighting
 + Level 1.9 Dodging
 * Level 4.8 Unarmed Combat
 + Level 2.1 Spellcasting
 + Level 2.0 Transmutations


You had 4 spell levels left.
You knew the following spells:

 Your Spells              Type           Power        Failure   Level  Hunger
a - Beastly Appendage     Tmut           #.....       11%         1    ##.....
b - Sticks to Snakes      Tmut           #.......     17%         2    ###....

Your spell library contained the following spells:

 Spells                   Type           Power        Failure   Level  Hunger
 Spider Form              Tmut/Pois      #.........   45%         3    ####...
 Ice Form                 Ice/Tmut       #.......     86%         4    #####..
 Blade Hands              Tmut           #.........   97%         5    ######.


Dungeon Overview and Level Annotations

Branches:
Dungeon (3/15)

Altars:


Innate Abilities, Weirdness & Mutations

Your plain brown scales are hard. (AC +5)
You cannot fit into any form of body armour.
You are cold-blooded and may be slowed by cold attacks.


Message History

There is a stone staircase leading up, spattered with blood here.
Magic restored.
The gnoll hits you from afar with a +0 spear.
The gnoll hits you with a +0 flail!
You climb upwards.
Your horns disappear.
There is a stone staircase leading down here.
You see here a cursed -1 whip.
The gnoll barely misses you. The gnoll barely misses you.
You hit the gnoll.
The gnoll is moderately wounded.
The gnoll hits you with a +0 flail.
* * * LOW HITPOINT WARNING * * *
You closely miss the gnoll.
The gnoll is moderately wounded.
You hit the gnoll but do no damage. You tail-slap the gnoll.
The gnoll is severely wounded.
The gnoll hits you with a +0 flail!
You die...

......#...^......#.#
......##.####..).#.#
.........# #....#.#
......#..# #.#..#.#
#######..# #.#..#.#####
#..####.#..#.#...#
#.......#..#.#.#.#
#######..........#...#.#
..............#.)>.....#
#############.#.g.######
............#.#.@.#
.##.#######.#.#...#
............#.#...#
....#########.###.#
##### #.# #.#######
###.###.##....#
#.......##.##.#
#.#.........#.#
#.########..#.#
#.###########.#
#.............#


You could see a gnoll.

Vanquished Creatures
  3 adders (D:2)
  2 gnolls (D:2)
  An orc (D:2)
  3 giant cockroaches
  9 goblins
  2 hobgoblins
  11 jackals
  5 kobolds
  2 ball pythons (D:1)
  4 bats
  A frilled lizard (D:2)
  3 rats
46 creatures vanquished.

Notes
Turn   | Place    | Note
-------+----------+-------------------------------------------
     0 | D:1      | bli the Draconian Transmuter began the quest for the Orb.
     0 | D:1      | Reached XP level 1. HP: 16/16 MP: 3/3
   297 | D:1      | Reached XP level 2. HP: 23/23 MP: 3/5
   801 | D:2      | Reached skill level 4 in Unarmed Combat
   801 | D:2      | Reached XP level 3. HP: 25/29 MP: 6/6
   917 | D:2      | Learned a level 2 spell: Sticks to Snakes
  1172 | D:2      | Reached XP level 4. HP: 36/36 MP: 4/7
  2183 | D:2      | Slain by a gnoll

Illustrated notes

Levels and vault maps discovered:
D:1:      psy_arrival_statuary, layout_loops_cross
D:2:      layout_basic
D:3:      gammafunk_wand_slinger, layout_loops_ring,
          nicolae_overflow_quartered_altars, first_ration

Skill      XL: |  1  2  3  4 |
---------------+-------------+-----
Unarmed Combat | 4 |  4.8
Fighting       | 2 |  2.0
Dodging        | |  1.9
Spellcasting   | |  2.1
Transmutations | |  2.0

Action                   |  1- 3 |  4- 6 || total
-------------------------+-------+-------++-------
Melee: Unarmed           |    88 |    27 ||   115
       Headbutt          |     9 |     2 ||    11
       Tailslap          |     5 |     6 ||    11
       Kick              |     6 |     2 ||     8
       Punch             |     1 |     2 ||     3
Throw: Stone             |       |     3 ||     3
 Cast: Beastly Appendage |    18 |     6 ||    24
       Sticks to Snakes  |       |     4 ||     4
 Stab: Sleeping          |     1 |       ||     1
  Eat: Chunk             |     1 |     4 ||     5
Armor: Skin              |    32 |     6 ||    38
Dodge: Dodged            |    61 |    23 ||    84
